 Dungeon Crawl Stone Soup version 0.28.0-53-g5a82cb258f (webtiles) character file.

Game seed: 17583207042596956742

2 Zeld the Skirmisher (level 1, -7/24 HPs)
             Began as an Ogre Delver on May 23, 2022.
             Was an Initiate of the Shining One.
             Mangled by an ogre
             ... wielding a +0 giant club
              (31 damage)
             ... on level 5 of the Dungeon.
             The game lasted 00:00:56 (704 turns).

Zeld the Skirmisher (Ogre Delver)                    Turns: 704, Time: 00:00:57

Health: -7/24      AC:  3    Str: 15    XL:     1   Next: 30%
Magic:  1/1        EV: 10    Int: 11    God:    the Shining One [......]
Gold:   0          SH:  0    Dex: 10    Spells: 0/0 levels left

rFire   . . .      SeeInvis .   a - +0 spear
rCold   . . .      Faith    .   (no shield)
rNeg    . . .      Spirit   .   b - +0 robe
rPois   .          Reflect  .   (helmet restricted)
rElec   .          Harm     .   (no cloak)
rCorr   .          Rampage  .   (gloves unavailable)
Will    .....                   (boots unavailable)
Stlth   +.........              (no amulet)
HPRegen 0.08/turn               (no ring)
MPRegen 0.07/turn               (no ring)

@: glowing
A: large, unfitting armour, tough skin 1
a: Renounce Religion


You were on level 5 of the Dungeon.
You worshipped the Shining One.
The Shining One was noncommittal.
You visited 2 branches of the dungeon, and saw 4 of its levels.

Inventory:

Hand Weapons
 a - a +0 spear (weapon)
Armour
 b - a +0 robe (worn)
Jewellery
 h - a ring of magical power
 i - an amulet of magic regeneration
Wands
 g - a wand of digging (3)
Scrolls
 c - a scroll of fog
 d - a scroll of magic mapping
Potions
 f - a potion of haste
Miscellaneous
 e - a piece from Xom's chessboard (13/15)


   Skills:
 * Level 4.1 Fighting
 * Level 2.0 Polearms
 + Level 1.8 Dodging
 - Level 3.7 Stealth
 + Level 0.0 Evocations


You couldn't memorise any spells.
You didn't know any spells.
Your spell library was empty.

Dungeon Overview and Level Annotations

Branches:
Dungeon (7/15)             Temple (1/1) D:5

Altars:
Ashenzari
Cheibriados
Dithmenos
Elyvilon
Fedhas
Gozag
Hepliaklqana
Kikubaaqudgha
Makhleb
Nemelex Xobeh
Okawaru
Qazlal
Ru
Trog
Uskayaw
Vehumet
Wu Jian
Xom
Yredelemnul
Zin
The Shining One


Innate Abilities, Weirdness & Mutations

You are too large for most types of armour.
You have tough skin. (AC +1)


Message History

There is an escape hatch in the ceiling here.
A mysterious force pulls you upwards. The hatch slams shut behind you.
Found a hand axe and a robe.
Found a mace.
i - an amulet of magic regeneration You see here a +0 hand axe.
An ogre comes into view. It is wielding a +0 giant club.
The ogre shouts!
An ogre is nearby!
You make a move on Xom's chessboard...
The ogre resists with some effort.
Unknown command.
You make a move on Xom's chessboard...
The ogre suddenly stops moving!
Found 3 scrolls labelled JIHYSS AVOVAFU.
You hit the ogre.
The ogre is lightly wounded.
You hit the ogre but do no damage.
The ogre is lightly wounded.
You hit the ogre.
The ogre is moderately wounded.
You hit the ogre.
The ogre is heavily wounded.
You hit the ogre.
The ogre is heavily wounded.
You hit the ogre but do no damage.
The ogre is heavily wounded.
You hit the ogre but do no damage.
The ogre is heavily wounded.
You hit the ogre but do no damage.
The ogre is heavily wounded.
The ogre is no longer paralysed.
The ogre barely misses you.
You barely miss the ogre.
The ogre is heavily wounded.
You hit the ogre. Your punch misses the ogre.
The ogre is severely wounded.
The ogre barely misses you.
You hit the ogre but do no damage.
The ogre is severely wounded.
The ogre hits you with a +0 giant club!!
Ouch! That really hurt!
You die...

..# ..#
#?#.......##
#.#
##..........#
#
..$.......)#
..
#.........#
.##
#.........# #
#...[.....#
#....O....#
#....@....#
#.........#
#..)......#
#.........#
##.......##
##.....##
#######


You could see an ogre.

Vanquished Creatures
  An orc (Temple)
1 creature vanquished.

Notes
Turn   | Place    | Note
-------+----------+-------------------------------------------
     0 | D:5      | Zeld the Ogre Delver began the quest for the Orb.
     0 | D:5      | Reached XP level 1. HP: 24/24 MP: 1/1
     0 | D:5      | Found a staircase to the Ecumenical Temple.
     4 | D:5      | Noticed an orc priest
     9 | Temple   | Entered the Ecumenical Temple
   130 | Temple   | Became a worshipper of the Shining One
   276 | D:6      | Noticed an ogre
   280 | D:6      | Noticed a sky beast
   647 | D:7      | Found a shimmering altar of Xom.
   676 | D:6      | Noticed an ogre
   685 | D:5      | Noticed an ogre
   704 | D:5      | Mangled by an ogre

Illustrated notes

Levels and vault maps discovered:
D:5:      layout_rooms, minmay_temple_entry_mini_moons, serial_shops,
          nicolae_shop_hallway_plus, kennysheep_generic_room_10
D:6:      layout_basic, uniq_eustachio
D:7:      layout_basic, xom_butterflies
Temple:   regret_index_temple_chain_breaker

Action                   || total
-------------------------++-------
Melee: Spear             ||    16
Evoke: Piece from Xom's  ||     2
  Use: Scroll            ||     1
Armor: Robe              ||     1
Dodge: Dodged            ||     5
